← All builds
Air / Cortex / Economy first / OBSERVED BUILD

Standard air

Cortex Air build order · Supreme Isthmus

Economy-first air build: Aircraft Plant then Advanced Metal Extractor and Fusion Reactor, making transports and scouts for allies while transitioning into fighters and occasional bombers over the whole game.

Usually transports first (78%)

#eco #air #team support · 1508 distinct matches · 252 players · 81% of Cortex Air games · team won 46% of 1813 · Recently observed

HOW TO PLAY IT

Key timing: Aircraft Plant by 1:24

  1. Open 3 mex and wind, then drop Aircraft Plant early.
  2. Finish Aircraft Plant and start fighters for scouting and defense.
  3. Eat the Aircraft Plant once production needs outgrow it.
  4. Get Advanced Metal Extractor up to scale eco.
  5. Bring Fusion Reactor online and keep feeding transports, scouts, fighters to allies.

Phase by phase

TYPICAL OF ITS 1508 GAMES
  1. 1
  2. 2
  3. 3
PLAY THE OPENING

Follow the example game's first 6:00 step by step: what to build now, what comes next, and where it goes. At 1× it keeps pace with your own game.

  1. 1

    Up to the Aircraft Plant

    Economy
    • Metal Extractor3Mex
    • Wind Turbine4Wind
    Order
    1. Aircraft PlantAircraft Plant after 3 mex, 4 winddone ~1:26, middle half 1:14–1:35

    Some games also: energy storage (38%)

    By 1:07 in all: 3 mex · 4 wind

    The example game in this phase · 3 steps
    1. Mex ×3
    2. Solar ×2
    3. Aircraft PlantAircraft Plantdone 1:10 · typical 1:26
  2. 2

    Aircraft Plant to 5:00

    Economy
    • Metal Extractor1Mex
    • Wind Turbine9Wind
    • Wind Turbine3Wind
    Builders
    • Construction Turret2 Con turret
    • Construction Aircraft1 Con aircraft
    Army
    • Valiant5 Valiant
    • Hercules2 Light transport for allies
    • Finch2 Finch for allies
    • Finch1 Finch
    • Hephaestus1 Heavy transport for allies

    Some games also: shuriken (49%) · energy storage (45%) · converter (44%) · light transport (40%)

    By 5:00 in all: 3 mex · 1 mex · 13 wind · 3 wind · 1 energy storage · 2 con turret

    The example game in this phase · 24 steps
    1. Wind
    2. FinchFinch
    3. FinchFinchfor Geo sea
    4. Wind ×3
    5. HerculesLight transportfor Geo sea
    6. Wind
    7. HerculesLight transportfor Geo sea
    8. Construction AircraftCon aircraft
    9. Energy storage
    10. ShurikenShuriken ×2
    11. ValiantValiant
    12. Con turret
    13. HerculesLight transport ×2for Tech
    14. HerculesLight transport
    15. ValiantValiant
    16. Mex
    17. Con turret
    18. FinchFinch
    19. Con turret
    20. ValiantValiant ×2
    21. Con turret
    22. Wind ×10
    23. FinchFinch
    24. Wind ×2
  3. 3

    5:00 to 10:00

    Economy
    • Wind Turbine21Wind
    • Wind Turbine5Wind
    • Energy Converter6Converter
    Order
    1. Aircraft PlantEat Aircraft Plant
    2. Aircraft PlantAircraft Plant after 19 wind, 18 wind, 7 converterin 58% of games
    Builders
    • Construction Turret3 Con turret
    Army
    • Valiant9 Valiant

    Some games also: shuriken (47%) · fusion (38%) · con aircraft (35%) · light transport (31%)

    By 10:00 in all: 3 mex · 1 mex · 25 wind · 20 wind · 8 converter · 1 energy storage

    The example game in this phase · 209 steps
    1. ValiantValiant
    2. Converter
    3. Wind
    4. Converter
    5. Wind
    6. Converter
    7. Wind
    8. ValiantValiant
    9. Converter
    10. HerculesLight transport
    11. ValiantValiant
    12. Wind ×3
    13. ValiantValiant
    14. Wind ×3
    15. Converter
    16. Wind ×2
    17. Converter
    18. Wind
    19. Converter
    20. Wind
    21. ValiantValiant ×2
    22. Wind
    23. ValiantValiant
    24. Wind
    25. ValiantValiant
    26. Wind
    27. ValiantValiant ×2
    28. Wind
    29. ValiantValiant
    30. Advanced Metal ExtractorT2 mexdone 7:52 · typical 6:54
    31. ValiantValiant
    32. Aircraft PlantEat Aircraft Plantreclaimed for its metal
    33. Advanced Metal ExtractorT2 mex ×3
    34. Con turret
    35. Wind
    36. Converter ×3
    37. Aircraft PlantAircraft Plantdone 9:03
    38. Converter
    39. OspreyHeavy transportfor Suicide front
    40. Converter ×2
    41. FalconFighter
    42. Wind ×2
    43. FalconFighter
    44. Wind
    45. Con turret
    46. Construction AircraftCon aircraft
    47. Con turret
    48. Wind
    49. Construction AircraftCon aircraft
    50. Wind
    51. FalconFighter
    52. Wind ×2
    53. FalconFighter
    54. Wind ×16
    55. FalconFighter
    56. Wind ×3
    57. Con turret
    58. Wind ×2
    59. Con turret
    60. Wind ×9
    61. FalconFighter
    62. Wind ×2
    63. BlinkScout plane
    64. Wind ×3
    65. BlinkScout plane
    66. Wind
    67. BlinkScout plane
    68. Con turret
    69. Wind
    70. Converter
    71. Con turret
    72. FalconFighter
    73. Con turret
    74. Wind
    75. FalconFighter
    76. Wind
    77. FalconFighter
    78. Converter ×2
    79. FalconFighter
    80. Wind
    81. FalconFighter
    82. Converter
    83. Wind
    84. FalconFighter
    85. Wind ×2
    86. FalconFighter
    87. Wind
    88. Converter
    89. Wind
    90. FalconFighter
    91. Wind ×2
    92. Converter
    93. Wind
    94. FalconFighter
    95. Con turret
    96. Wind
    97. Con turret
    98. Wind ×4
    99. FalconFighter
    100. Wind
    101. Con turret
    102. Wind
    103. FalconFighter
    104. Wind ×2
    105. Con turret
    106. FalconFighter
    107. Wind
    108. Con turret
    109. Wind ×2
    110. FalconFighter
    111. Wind ×2
    112. FalconFighter
    113. Wind
    114. FalconFighter
    115. Wind
    116. FalconFighter
    117. Wind
    118. FalconFighter
    119. Wind
    120. Converter
    121. Wind ×8
    122. Converter
    123. Wind ×6
    124. Converter
    125. Wind ×4
    126. Aircraft PlantAircraft Plantdone 12:32
    127. Converter
    128. Wind
    129. Aircraft PlantEat Aircraft Plantreclaimed for its metal
    130. ShurikenShuriken
    131. Wind
    132. ShurikenShuriken
    133. Wind
    134. ShurikenShuriken ×2
    135. Wind
    136. ShurikenShuriken ×2
    137. Wind
    138. ShurikenShuriken
    139. Wind
    140. ShurikenShuriken ×2
    141. Wind
    142. ShurikenShuriken
    143. Wind
    144. ShurikenShuriken
    145. Wind
    146. ShurikenShuriken
    147. Wind
    148. ShurikenShuriken ×2
    149. Wind
    150. ShurikenShuriken ×2
    151. Wind
    152. ShurikenShuriken
    153. ValiantValiant ×2
    154. Wind
    155. ValiantValiant
    156. Wind ×2
    157. FerretFerret
    158. NettleNettle ×2
    159. Wind
    160. FinchFinch
    161. NettleNettle
    162. ValiantValiant ×2
    163. Wind
    164. NettleNettle
    165. ValiantValiant ×2
    166. Wind
    167. ValiantValiant
    168. NettleNettle
    169. Wind
    170. ValiantValiant ×2
    171. Wind
    172. Converter
    173. NettleNettle
    174. ValiantValiant ×2
    175. Wind
    176. NettleNettle
    177. ValiantValiant
    178. Wind
    179. ValiantValiant
    180. NettleNettle
    181. Wind
    182. ValiantValiant
    183. Converter
    184. NettleNettle
    185. ValiantValiant
    186. Wind
    187. NettleNettle
    188. ValiantValiant
    189. Converter
    190. ValiantValiant
    191. Wind
    192. NettleNettle
    193. ValiantValiant
    194. Wind
    195. ValiantValiant
    196. Fusion ReactorFusiondone 14:58 · typical 10:52
    197. Converter
    198. Wind
    199. ValiantValiant
    200. Wind
    201. ValiantValiant
    202. Wind ×3
    203. ValiantValiant
    204. Wind ×3
    205. ValiantValiant
    206. Converter
    207. Aircraft PlantEat Aircraft Plantreclaimed for its metal
    208. Wind ×2
    209. Converter

Counts are medians over the build's games: half of them build more, half fewer. The example game is TrevGod's (30 OS, 06/09/2026); pick another.

Team trades

IN AT LEAST 30% OF ITS GAMES

You hand over

  • Finch2 Finch to Geo sea or Beach seafirst at 1:50 · in 96% of games
  • Hercules3 Light transport to Tech or Geo sea or Beach seafirst at 2:06 · in 99% of games
  • Hephaestus1 Heavy transport to Beach sea or Pond or Techfirst at 2:23 · in 71% of games

You get

  • Wind Turbine3 Wind from Beach sea or Geo seafirst at 1:37 · in 64% of games
  • Wind Turbine3 Wind from Beach sea or Geo sea or Pondfirst at 1:42 · in 46% of games
  • Construction Bot1 Con bot from Techfirst at 2:22 · in 88% of games
  • Advanced Construction Bot1 T2 con bot from Techfirst at 6:05 · in 96% of games

How it plays out

Typical game of this build, running totals by minute

Metal produced

010k20k30k
0:005:0010:0015:00

metal

Enemy metal destroyed

01k2k
0:005:0010:0015:00

metal

Own metal lost

01k2k3k
0:005:0010:0015:00

metal

1813 games.

Show as table
ByMetal produced: This buildEnemy metal destroyed: This buildOwn metal lost: This build
1:0039200
2:0092300
3:00145600
4:002052051
5:0027635173
6:003711102124
7:005089146167
8:006903190219
9:009285230270
10:0011761292379
11:0014370369533
12:0017069512781
13:00198597811101
14:002270412631689
15:002573618082409
WHAT THE NUMBERS SAY

Standard air play wins less than half its games, with very low combat losses and kills since the role mostly supports rather than fights.

  • + Own metal lost stays very low, only 2701 by 15:00.
  • + Metal production reaches 25740 by 15:00, a strong support economy.
  • − Team wins under half of games (47%).
  • − Enemy metal destroyed stays low at 2097 by 15:00, showing little direct impact.
THE EXAMPLE YOU ARE READING

TrevGod

30.1 OS · 06/09/2026

Open source match ↗

4 received units · includes a constructor
466 metal received · 31561 energy received

Allied construction assistance is unknown. Timings are observations, not a promise of solo reproducibility.

Typical milestones

Aircraft Plant1:26Middle 50%: 1:14–1:35 · n=1813
Advanced Metal Extractor6:54Middle 50%: 6:27–7:26 · n=1753
Fusion Reactor10:52Middle 50%: 9:46–12:17 · n=1160

Played most by

TheGeneraI114games of this buildDad_The_Speedrunner72games of this buildHunfore62games of this buildDRM52games of this buildMilkdragon52games of this build